 Dungeon Crawl Stone Soup version 0.30-a0-1160-g6e42c06551 (webtiles) character file.

Game seed: 5291874614669493739

3119 jimonade the Cudgeller (level 9, 0/61 (63) HPs)
             Began as a Demonspawn Monk on Apr 25, 2023.
             Was a Follower of Ru.
             Slain by a wight
             ... wielding a +2 scimitar of freezing
              (9 damage)
             ... on level 8 of the Dungeon.
             The game lasted 00:25:50 (8202 turns).

jimonade the Cudgeller (Demonspawn Monk)            Turns: 8202, Time: 00:25:50

HP:   0/61 (63)     AC: 16    Str: 14    XL:     9   Next: 60%
MP:   13/13         EV:  9    Int: 13    God:    Ru [*.....]
Gold: 513           SH:  5    Dex: 16    Spells: 13/13 levels left

rFire   . . .        a - +1 whip (venom)
rCold   . . .        d - orb {light}
rNeg    . . .        A - +0 chain mail
rPois   +            (no helmet)
rElec   .            B - +0 cloak
rCorr   .            h - +0 pair of gloves
SInv    .            r - +0 pair of boots
Will    .....        s - amulet of reflection Stlth
                     t - ring of flight
HPRegen 0.30/turn    L - ring of poison resistance
MPRegen 0.13/turn

%: reflection
@: flying, glowing, lightly drained
A: yellow scales 2, frail 1, powered by death 1, demonic magic 2, weakness
stinger 1
a: Renounce Religion


You were on level 8 of the Dungeon.
You worshipped Ru.
Ru was aware of your devotion.
You visited 2 branches of the dungeon, and saw 9 of its levels.

You collected 513 gold pieces.

Inventory:

Hand Weapons
 a - a +1 whip of venom (weapon)
 b - a +0 sling
 m - a +3 dagger
 w - a +0 flail
 y - a +0 morningstar
 C - a +0 shortbow
 N - a +0 mace
Missiles
 u - 25 poisoned darts (quivered)
Armour
 d - an orb of light (worn)
 h - a +0 pair of gloves (worn)
 r - a +0 pair of boots (worn)
 A - a +0 chain mail (worn)
 B - a +0 cloak (worn)
 E - a +0 leather armour of cold resistance
Jewellery
 j - a +6 ring of strength
 s - an amulet of reflection (around neck)
 t - a ring of flight (left hand)
 L - a ring of poison resistance (right hand)
Wands
 J - a wand of paralysis (5)
Scrolls
 f - a scroll of amnesia
 g - 2 scrolls of poison
 i - a scroll of vulnerability {unknown}
 k - 3 scrolls of enchant weapon
 q - a scroll of noise {unknown}
 v - a scroll of immolation
 G - 4 scrolls of teleportation
 H - a scroll of magic mapping {unknown}
 I - a scroll of fog {unknown}
 M - a scroll of enchant armour {unknown}
Potions
 c - 2 potions of ambrosia
 e - a potion of berserk rage {unknown}
 l - a potion of attraction {unknown}
 n - 3 potions of degeneration
 o - 8 potions of curing
 p - 2 potions of haste
 x - a potion of flight {unknown}
 D - 2 potions of heal wounds {unknown}
 F - 4 potions of lignification {unknown}
 O - a potion of might


   Skills:
 + Level 6.6 Fighting
 - Level 7.1 Maces & Flails
 + Level 1.4 Throwing
 + Level 5.6 Armour
 + Level 5.0 Dodging
 - Level 0.3 Stealth
 + Level 3.4 Shields
 * Level 2.8 Spellcasting


You had 13 spell levels left.
You didn't know any spells.
Your spell library contained the following spells:

 Spells                   Type           Power      Damage    Failure   Level
 Apportation              Tloc           2%         N/A       97%         1
 Volatile Blastmotes      Fire/Tloc      2%         2d10      100%        3
 Fulminant Prism          Conj/Hex       0%         3d5       100%        4
 Iskenderun's Mystic Bla  Conj/Tloc      1%         2d3       100%        4
 Alistair's Intoxication  Tmut/Pois      0%         N/A       100%        5
 Lee's Rapid Deconstruct  Erth           0%         3d4*      100%        5


Dungeon Overview and Level Annotations

Branches:
Dungeon (8/15)             Temple (1/1) D:6
   Lair: D:8-11

Altars:
Ashenzari
Cheibriados
Dithmenos
Fedhas
Gozag
Kikubaaqudgha
Makhleb
Nemelex Xobeh
Okawaru
Qazlal
Ru
Sif Muna
Trog
Uskayaw
Vehumet
Wu Jian
Yredelemnul

Shops:
D:1 *(*   D:4 ?   D:6 *

Portals:
Abyss: D:5

Annotations:
D:5 2 transporters, spedboy43's ghost, novice HuFi


Innate Abilities, Weirdness & Mutations

You are mostly covered in yellow scales. (AC +3)
You are frail. (-10% HP)
You regenerate a little health from kills.
Spells you cast may paralyse nearby enemies.
You have a small tail.


Message History

You hit the wight.
The wight is moderately damaged.
The wight hits you but does no damage.
You hit the wight but do no damage.
The wight is moderately damaged.
You hit the wight.
You tail-slap the wight, but do no damage.
The wight is heavily damaged.
The wight hits you with a +2 scimitar of freezing!
You feel drained. The wight freezes you.
You hit the wight. You tail-slap the wight.
The wight is heavily damaged.
The wight hits you with a +2 scimitar of freezing!
The wight freezes you.
You hit the wight but do no damage.
The wight is heavily damaged.
The wight hits you but does no damage.
You hit the wight.
The wight is severely damaged.
You hit the wight but do no damage.
The wight is severely damaged.
The wight hits you but does no damage.
You hit the wight but do no damage.
Your tail-slap misses the wight.
The wight is severely damaged.
The wight completely misses you.
You hit the wight.
The wight is severely damaged.
The wight hits you but does no damage.
You hit the wight but do no damage.
The wight is severely damaged.
You hit the wight but do no damage.
The wight is severely damaged.
The wight hits you with a +2 scimitar of freezing!
* * * LOW HITPOINT WARNING * * *
The wight freezes you.
* * * LOW HITPOINT WARNING * * *
You hit the wight.
The wight is almost destroyed.
The wight hits you with a +2 scimitar of freezing!
You die...

#>..........#.#
.##......###..#.#
.....(..##.##.#.#
........#...#...##
.######.##.##.##<#
.........#.#..##.#
.######.......##.#
##....#.##.#
#.####@##.# #.#
#z##.# #.# #.##.#
#.# #.##.#
#.##...##.# ..
#.#..#.# .z......#
.........#
#....#.#..#


You could see a wight.

Vanquished Creatures
  4 water moccasins
  A sky beast (D:7)
  2 orc warriors (D:7)
  A wolf (D:8)
  4 ogres
  A centaur (D:4)
  3 kobold brigands
  A phantom (D:5)
  A bullfrog (D:7)
  2 wights (D:7)
  6 killer bees (D:7)
  3 howler monkeys
  A lava snake (D:7)
  2 jellies
  5 gnoll boudas
  2 orc priests (D:7)
  4 hounds
  5 iguanas
  A sleepcap (D:5)
  4 orc wizards
  A centaur simulacrum (D:8)
  23 gnolls
  6 adders
  A white imp (D:7)
  2 dart slugs
  15 orcs
  4 ball pythons
  6 endoplasms (D:1)
  A giant cockroach (D:2)
  6 hobgoblins
  8 jackals
  23 kobolds
  2 quokkas
  3 bats
  2 frilled lizards (D:2)
  10 goblins
  12 rats
178 creatures vanquished.

Vanquished Creatures (others)
  A wyvern simulacrum (D:8)
  7 plants (D:8)
8 creatures vanquished.

Grand Total: 186 creatures vanquished

Notes
Turn   | Place    | Note
-------+----------+-------------------------------------------
     0 | D:1      | jimonade the Demonspawn Monk began the quest for the Orb.
     0 | D:1      | Reached XP level 1. HP: 18/18 MP: 1/1
   121 | D:1      | Gained mutation: You are partially covered in yellow
                  | scales. (AC +2) [demonic ancestry]
   121 | D:1      | Reached XP level 2. HP: 13/24 MP: 2/2
   175 | D:1      | Found Giss's General Store.
   197 | D:1      | Found Cixept's Weapon Shop.
   255 | D:1      | Reached skill level 3 in Maces & Flails
   531 | D:1      | Found a faded altar of an unknown god.
   739 | D:1      | Found Liann's General Store.
   874 | D:1      | Gained mutation: Spells you cast may paralyse adjacent
                  | enemies. [demonic ancestry]
   874 | D:1      | Reached XP level 3. HP: 25/29 MP: 3/3
  1075 | D:2      | Gained mutation: You regenerate a little health from kills.
                  | [demonic ancestry]
  1075 | D:2      | Reached XP level 4. HP: 35/35 MP: 4/4
  1967 | D:3      | Reached skill level 4 in Maces & Flails
  2368 | D:3      | Gained mutation: You have a small tail. [demonic ancestry]
  2368 | D:3      | Reached XP level 5. HP: 41/41 MP: 5/5
  2621 | D:4      | Noticed an ogre
  2743 | D:3      | Gained mutation: You are mostly covered in yellow scales.
                  | (AC +3) [demonic ancestry]
  2743 | D:3      | Reached XP level 6. HP: 42/48 MP: 6/6
  2790 | D:4      | Reached skill level 1 in Shields
  2936 | D:4      | Reached skill level 5 in Maces & Flails
  3108 | D:4      | Reached skill level 1 in Armour
  3190 | D:4      | Reached XP level 7. HP: 23/54 MP: 7/7
  3279 | D:4      | Found Pafuiwnix's Magic Scroll Shop.
  3471 | D:5      | Entered Level 5 of the Dungeon
  3918 | D:5      | Found a one-way gate to the infinite horrors of the Abyss.
  3918 | D:5      | Noticed spedboy43's ghost (novice HuFi)
  3960 | D:5      | Found a transporter.
  3975 | D:5      | Found a transporter.
  4585 | D:5      | Reached skill level 6 in Maces & Flails
  4790 | D:6      | Reached XP level 8. HP: 53/61 MP: 8/8
  4906 | D:6      | Found a staircase to the Ecumenical Temple.
  4915 | Temple   | Entered the Ecumenical Temple
  4982 | Temple   | Became a worshipper of Ru the Awakened
  4990 | Temple   | Gained mutation: You are frail. (-10% HP) [Ru sacrifice]
  4990 | Temple   | Reached * piety under Ru
  5376 | D:6      | Found Lerruik's General Store.
  5416 | D:6      | Found an ornate altar of the Wu Jian Council.
  5455 | D:6      | Upgraded the game from 0.30-a0-1157-g2cc9ac7196 to
                  | 0.30-a0-1160-g6e42c06551
  5527 | D:7      | Reached skill level 1 in Throwing
  5621 | D:7      | Reached skill level 5 in Fighting
  6039 | D:7      | Found a broken altar of Ashenzari.
  6079 | D:7      | Reached skill level 7 in Maces & Flails
  6131 | D:7      | Found a stormy altar of Qazlal.
  6286 | D:7      | Gained mutation: Spells you cast may paralyse nearby
                  | enemies. [demonic ancestry]
  6286 | D:7      | Reached XP level 9. HP: 61/61 MP: 9/9
  6309 | D:7      | Reached skill level 1 in Spellcasting
  6344 | D:7      | HP: 3/61 [poisoned by a killer bee]
  6604 | D:7      | Reached skill level 5 in Armour
  6866 | D:7      | Reached skill level 5 in Dodging
  8202 | D:8      | Slain by a wight

Illustrated notes

Levels and vault maps discovered:
D:1:      saegor_arrival_simple_c, layout_loops_cross,
          ebering_ecumenical_altar_rust, serial_shops, shop, shop, shop,
          serial_park_tiny_2, chequers_decorated_corner,
          chequers_serial_rivers_small_a
D:2:      layout_loops_cross
D:3:      layout_basic, kennysheep_generic_room_8
D:4:      layout_rooms, serial_shops, shop
D:5:      layout_basic, gammafunk_ghost_abyssal_escape
D:6:      layout_cave_pools, nzn_wu_jian_council_hall, temple_pool_b,
          serial_shops, nicolae_shop_back_alley_shop
D:7:      layout_loops_cross, mainiacjoe_overflow_catwalk_spiral,
          kennysheep_generic_room_9
D:8:      layout_basic, serial_ice, serial_ice_b, serial_ice_h, serial_ice_c,
          serial_ice_d, serial_ice_g, introduction_to_nature_1, uniq_amaemon
Temple:   nicolae_temple_x_marks_the_god

Skill      XL: |  1  2  3  4  5  6  7  8  9 |
---------------+----------------------------+-----
Dodging        | 3 4 5 |  5.0
Maces & Flails | 3 4 5 6 7 |  7.1
Fighting       | 4 5 6 |  6.6
Shields        | 1 2 3 |  3.4
Armour         | 1 3 4 5 |  5.6
Throwing       | 1 |  1.4
Spellcasting   | 2 |  2.8
Stealth        | |  0.3

Action                     |  1- 3 |  4- 6 |  7- 9 || total
---------------------------+-------+-------+-------++-------
  Melee: Mace              |    69 |   168 |   174 ||   411
         Tailslap          |       |    10 |   111 ||   121
         Whip              |       |       |   292 ||   292
  Throw: Dart              |       |     2 |     9 ||    11
 Invoke: Sacrifice Health  |       |       |     1 ||     1
    Use: Scroll            |       |       |     8 ||     8
 Armour: Robe              |    13 |     5 |       ||    18
         Leather armour    |       |    14 |       ||    14
         Chain mail        |       |    46 |   181 ||   227
  Dodge: Dodged            |    38 |    92 |   136 ||   266
  Block: Orb               |       |    35 |    83 ||   118
         Reflection        |       |     1 |     3 ||     4

Table legend: (Time is in decaauts)
 A = Elapsed time spent in this place.
 B = Non-inter-level travel time spent in this place.
 C = Inter-level travel time spent in this place.
 D = Time resting spent in this place.
 E = Time spent auto-exploring this place.
 F = Levels seen in this place.
 G = Mean time per level.
                   A        B        C        D        E       F      G
               +--------+--------+--------+--------+--------+-----+--------+
         Total |   8209 |   7831 |    378 |    949 |   4702 |   9 |  912.1 |
       Dungeon |   8130 |   7776 |    354 |    949 |   4656 |   8 | 1016.2 |
        Temple |     78 |     54 |     24 |      0 |     46 |   1 |   78.0 |
               +--------+--------+--------+--------+--------+-----+--------+

Top non-repeatable levels by time:
     D:7: 1933 daAuts
     D:5: 1211 daAuts
     D:6: 1144 daAuts
     D:1: 1028 daAuts
     D:4: 903 daAuts
     D:3: 838 daAuts
     D:2: 758 daAuts
     D:8: 313 daAuts
  Temple: 78 daAuts
